SNL (28 & UNDER)
WEST VIRGINIA POWER @ KEY WEST BARRACUDAS
09/08/2026
 
TOP OF THE 1ST
West Virginia Power batting - Pitching for Key West Barracudas : RHP Lawrence Fish
Pitching: RHP Lawrence Fish
Batting: RHB Pablo Sandoval 0-0: Called Strike
0-1: Ball
1-1: Ball
2-1: Ball
3-1: Ground out 5-3 (Groundball, 15S)
Batting: RHB Dave McGrath 0-0: Foul Ball, location: 2F
0-1: Foul Ball, location: 2F
0-2: Ground out 4-3 (Groundball, 4)
Batting: RHB Ben Dougherty 0-0: Ball
1-0: Swinging Strike
1-1: SINGLE (Groundball, 6MD)
Batting: RHB Will Lott Pickoff Throw to First - Error! E1
Ben Dougherty to second
0-0: Ball
1-0: Foul Ball, location: 2F
1-1: Ground out 1-3 (Groundball, 15)
Top of the 1st over - 0 run(s), 1 hit(s), 1 error(s), 1 left on base; West Virginia 0 - Key West 0
BOTTOM OF THE 1ST
Key West Barracudas batting - Pitching for West Virginia Power : RHP Aaron Thrash
Pitching: RHP Aaron Thrash
Batting: SHB Rodney Birling 0-0: Ball
1-0: Foul Ball, location: 2F
1-1: Foul Ball, location: 2F
1-2: SINGLE (Line Drive, 7S)
Batting: RHB Carlos Bravo 0-0: Called Strike
0-1: Called Strike
0-2: Fielders Choice at 2nd, 3-6 (Groundball, 3)
Batting: RHB Anastasio Villa 0-0: Called Strike
0-1: Grounds into double play, 5-4-3 (Groundball, 56)
Bottom of the 1st over - 0 run(s), 1 hit(s), 0 error(s), 0 left on base; West Virginia 0 - Key West 0
TOP OF THE 2ND
West Virginia Power batting - Pitching for Key West Barracudas : RHP Lawrence Fish
Batting: LHB Héctor Soto 0-0: Ball
1-0: Ball
2-0: Ball
3-0: Called Strike
3-1: Base on Balls
Batting: RHB Tony Parker 0-0: Fly out, F3 (Popup, 3F)
Batting: RHB Jesse McKnight 0-0: Called Strike
0-1: Ball
1-1: Foul Ball, location: 2F
1-2: Foul Ball, location: 2F
1-2: Ball
2-2: Foul Ball, location: 2F
2-2: Strikes out swinging
Batting: RHB Len Burke 0-0: Ball
1-0: Ball
2-0: Ball
3-0: Base on Balls
Héctor Soto to second
Batting: LHB Júlio Martínez 0-0: Foul Ball, location: 2F
0-1: Ball
1-1: Ball
2-1: Ball
3-1: Foul Ball, location: 2F
3-2: SINGLE (Groundball, 4MD)
Héctor Soto to third
Len Burke to second
Héctor Soto scores
Len Burke to third
Batting: RHB Pablo Sandoval 0-0: Swinging Strike
0-1: Ball
1-1: SINGLE (Groundball, 56) (infield hit)
Len Burke scores
Júlio Martínez to second
Batting: RHB Dave McGrath 0-0: Ball
1-0: Ball
2-0: DOUBLE (Line Drive, 7LS)
Júlio Martínez scores
Pablo Sandoval to third
Runner from 3rd tries for Home, SAFE, no throw or cutoff
Batting: RHB Ben Dougherty 0-0: Called Strike
0-1: Foul Ball, location: 2F
0-2: Strikes out swinging
Top of the 2nd over - 4 run(s), 3 hit(s), 0 error(s), 1 left on base; West Virginia 4 - Key West 0
BOTTOM OF THE 2ND
Key West Barracudas batting - Pitching for West Virginia Power : RHP Aaron Thrash
Batting: LHB Jake Wells 0-0: Called Strike
0-1: Swinging Strike
0-2: Ball
1-2: Foul Ball, location: 2F
1-2: Foul Ball, location: 2F
1-2: Strikes out looking
Batting: LHB Daniel Byrd 0-0: Ball
1-0: Ball
2-0: Ball
3-0: Called Strike
3-1: Ground out U3 (Groundball, 3)
Batting: LHB Víctor Acevedo 0-0: Ball
1-0: Ball
2-0: Ball
3-0: Foul Ball, location: 2F
3-1: Swinging Strike
3-2: Strikes out swinging
Bottom of the 2nd over - 0 run(s), 0 hit(s), 0 error(s), 0 left on base; West Virginia 4 - Key West 0
TOP OF THE 3RD
West Virginia Power batting - Pitching for Key West Barracudas : RHP Lawrence Fish
Batting: RHB Will Lott 0-0: Ball
1-0: SINGLE (Groundball, 56D)
Batting: LHB Héctor Soto 0-0: Called Strike
0-1: Foul Ball, location: 2F
0-2: Foul Ball, location: 2F
0-2: Ball
1-2: 2-RUN HOME RUN (Flyball, 8RXD), Distance : 424 ft
Batting: RHB Tony Parker 0-0: Ball
1-0: Swinging Strike
1-1: Ball
2-1: Ball
3-1: Foul Ball, location: 2F
3-2: Strikes out looking
Batting: RHB Jesse McKnight 0-0: Ball
1-0: Foul Ball, location: 2F
1-1: Ground out 4-3 (Groundball, 4)
Batting: RHB Len Burke 0-0: Called Strike
0-1: Ball
1-1: Ball
2-1: Ball
3-1: Called Strike
3-2: Fly out, F5 (Popup, 2L)
Top of the 3rd over - 2 run(s), 2 hit(s), 0 error(s), 0 left on base; West Virginia 6 - Key West 0
BOTTOM OF THE 3RD
Key West Barracudas batting - Pitching for West Virginia Power : RHP Aaron Thrash
Batting: RHB Carlos Miranda 0-0: Ball
1-0: Fly out, F9 (Flyball, 9M)
Batting: RHB Dan Craft 0-0: Called Strike
0-1: Ball
1-1: Ball
2-1: SINGLE (Groundball, 56D)
Batting: LHB Motoki Hirata 0-0: Called Strike
0-1: Called Strike
0-2: Ball
Dan Craft steals 2nd base
1-2: SINGLE (Line Drive, 56)
Dan Craft to third
Runner from 3rd tries for Home, SAFE, no throw or cutoff
Batting: SHB Rodney Birling 0-0: Ball
1-0: Ball
2-0: Fly out, F9 (Flyball, 89M)
Batting: RHB Carlos Bravo 0-0: Ball
1-0: Ball
2-0: Ball
3-0: Called Strike
3-1: Foul Ball, location: 2F
3-2: Foul Ball, location: 2F
3-2: SINGLE (Groundball, 56D)
Motoki Hirata to second
Motoki Hirata to third
Batting: RHB Anastasio Villa 0-0: Ball
1-0: Called Strike
1-1: Ball
2-1: Ball
3-1: Foul Ball, location: 2F
3-2: Strikes out swinging
Bottom of the 3rd over - 1 run(s), 3 hit(s), 0 error(s), 2 left on base; West Virginia 6 - Key West 1
TOP OF THE 4TH
West Virginia Power batting - Pitching for Key West Barracudas : RHP Lawrence Fish
Batting: LHB Júlio Martínez 0-0: Called Strike
0-1: Called Strike
0-2: Strikes out swinging
Batting: RHB Pablo Sandoval 0-0: Ball
1-0: Called Strike
1-1: Foul Ball, location: 2F
1-2: Strikes out looking
Batting: RHB Dave McGrath 0-0: Ball
1-0: Ground out 6-3 (Groundball, 6)
Top of the 4th over - 0 run(s), 0 hit(s), 0 error(s), 0 left on base; West Virginia 6 - Key West 1
BOTTOM OF THE 4TH
Key West Barracudas batting - Pitching for West Virginia Power : RHP Aaron Thrash
Batting: LHB Jake Wells 0-0: Called Strike
0-1: Fly out, F9 (Flyball, 89M)
Batting: LHB Daniel Byrd 0-0: Foul Ball, location: 2F
0-1: Ground out 6-3 (Groundball, 56)
Batting: LHB Víctor Acevedo 0-0: Swinging Strike
0-1: Foul Ball, location: 2F
0-2: Strikes out swinging
Bottom of the 4th over - 0 run(s), 0 hit(s), 0 error(s), 0 left on base; West Virginia 6 - Key West 1
TOP OF THE 5TH
West Virginia Power batting - Pitching for Key West Barracudas : RHP Lawrence Fish
Batting: RHB Ben Dougherty 0-0: Ground out 5-3 (Groundball, 5)
Batting: RHB Will Lott 0-0: Ball
1-0: Ball
2-0: Called Strike
2-1: Called Strike
2-2: DOUBLE (Flyball, 89XD)
Pitching: RHP Ed Calhoun
Batting: LHB Héctor Soto 0-0: Ball
1-0: Ball
2-0: Ball
3-0: Base on Balls
Batting: RHB Tony Parker 0-0: Called Strike
0-1: Swinging Strike
0-2: Strikes out swinging
Batting: RHB Jesse McKnight Balk!
Will Lott to third
Héctor Soto to second
0-0: Fly out, F2 (Popup, 2L)
Top of the 5th over - 0 run(s), 1 hit(s), 0 error(s), 2 left on base; West Virginia 6 - Key West 1
BOTTOM OF THE 5TH
Key West Barracudas batting - Pitching for West Virginia Power : RHP Aaron Thrash
Batting: RHB Carlos Miranda 0-0: Ball
1-0: Ball
2-0: Called Strike
2-1: Ball
3-1: Foul Ball, location: 2F
3-2: Strikes out swinging
Batting: RHB Dan Craft 0-0: SINGLE (Line Drive, 8RS)
Batting: LHB Motoki Hirata 0-0: Foul Ball, location: 2F
Pickoff Throw to First - Error! E1
Dan Craft to second
0-1: Foul Ball, location: 2F
0-2: Ground out 4-3 (Groundball, 4)
Dan Craft to third
Batting: SHB Rodney Birling 0-0: Ball
1-0: SINGLE (Line Drive, 4D)
Dan Craft scores
Batting: RHB Carlos Bravo 0-0: Ball
1-0: Fly out, F9 (Flyball, 9S)
Bottom of the 5th over - 1 run(s), 2 hit(s), 1 error(s), 1 left on base; West Virginia 6 - Key West 2
TOP OF THE 6TH
West Virginia Power batting - Pitching for Key West Barracudas : RHP Ed Calhoun
Batting: RHB Len Burke 0-0: Called Strike
0-1: Foul Ball, location: 2F
0-2: Strikes out swinging
Batting: LHB Júlio Martínez 0-0: Ball
1-0: Ball
2-0: Ball
3-0: Called Strike
3-1: Called Strike
3-2: Base on Balls
Batting: RHB Pablo Sandoval 0-0: Ball
1-0: Called Strike
1-1: Swinging Strike
1-2: Foul Ball, location: 2F
1-2: Strikes out swinging
Júlio Martínez steals 2nd base
Batter strikes out.
Batting: RHB Dave McGrath 0-0: Foul Ball, location: 2F
0-1: Fly out, F1 (Line Drive, 13)
Top of the 6th over - 0 run(s), 0 hit(s), 0 error(s), 1 left on base; West Virginia 6 - Key West 2
BOTTOM OF THE 6TH
Key West Barracudas batting - Pitching for West Virginia Power : RHP Aaron Thrash
Batting: RHB Anastasio Villa 0-0: Ball
1-0: Foul Ball, location: 2F
1-1: Ball
2-1: Called Strike
2-2: Ball
3-2: Foul Ball, location: 2F
3-2: Base on Balls
Batting: LHB Jake Wells 0-0: Called Strike
0-1: Swinging Strike
0-2: DOUBLE (Line Drive, 9LS)
Anastasio Villa to third
Batting: LHB Daniel Byrd 0-0: Called Strike
0-1: Ground out 4-3 (Groundball, 34)
Anastasio Villa scores
Jake Wells to third
Batting: LHB Víctor Acevedo 0-0: Called Strike
0-1: Ball
1-1: Ball
2-1: Foul Ball, location: 2F
2-2: Foul Ball, location: 2F
2-2: Ball
3-2: Base on Balls
Batting: RHB Carlos Miranda 0-0: Ball
1-0: Ball
2-0: Ball
3-0: Called Strike
3-1: Base on Balls
Víctor Acevedo to second
Pitching: RHP Don Shelton
Batting: RHB Dan Craft 0-0: Called Strike
0-1: Foul Ball, location: 2F
0-2: Ball
1-2: Ball
2-2: Ball
3-2: Base on Balls
Jake Wells scores
Víctor Acevedo to third
Carlos Miranda to second
Batting: LHB Motoki Hirata 0-0: Ball
1-0: Called Strike
1-1: Called Strike
1-2: Ball
2-2: Ball
3-2: Base on Balls
Víctor Acevedo scores
Carlos Miranda to third
Dan Craft to second
Batting: SHB Rodney Birling 0-0: Ball
1-0: Ball
2-0: Ball
3-0: Called Strike
3-1: Called Strike
3-2: Base on Balls
Carlos Miranda scores
Dan Craft to third
Motoki Hirata to second
Batting: RHB Carlos Bravo 0-0: Swinging Strike
0-1: Ball
1-1: Foul Ball, location: 2F
1-2: SINGLE (Groundball, 5)
Dan Craft scores
Motoki Hirata to third
Rodney Birling to second
Runner from 3rd tries for Home, throw and OUT!
Rodney Birling to third
Carlos Bravo to second
Batting: RHB Anastasio Villa 0-0: SINGLE (Line Drive, 8RS)
Rodney Birling scores
Carlos Bravo to third
Batting: LHB Jake Wells 0-0: Called Strike
0-1: Fly out, F8 (Flyball, 8LM)
Bottom of the 6th over - 6 run(s), 3 hit(s), 0 error(s), 2 left on base; West Virginia 6 - Key West 8
TOP OF THE 7TH
West Virginia Power batting - Pitching for Key West Barracudas : RHP Ed Calhoun
Batting: RHB Ben Dougherty 0-0: Ball
1-0: Ball
2-0: Ball
3-0: Called Strike
3-1: Base on Balls
Batting: RHB Will Lott 0-0: Called Strike
0-1: Swinging Strike
0-2: Foul Ball, location: 2F
0-2: Foul Ball, location: 2F
0-2: Ball
1-2: Foul Ball, location: 2F
1-2: Fly out, F7 (Line Drive, 7S)
Pitching: RHP Dennis Grange
Batting: LHB Héctor Soto 0-0: Called Strike
Ben Dougherty is caught stealing 2nd base
0-1: Ball
1-1: Ball
2-1: Ball
3-1: Called Strike
3-2: Foul Ball, location: 2F
3-2: Base on Balls
Batting: RHB Tony Parker 0-0: Called Strike
0-1: Foul Ball, location: 2F
0-2: Ball
1-2: Foul Ball, location: 2F
1-2: Ball
2-2: Ball
3-2: SINGLE (Groundball, 34S)
Héctor Soto to second
Héctor Soto to third
Pinch Hitting: RHB Roberto Tobías 0-0: Called Strike
0-1: Ball
1-1: Ball
2-1: Fly out, F9 (Flyball, 9LM)
Top of the 7th over - 0 run(s), 1 hit(s), 0 error(s), 2 left on base; West Virginia 6 - Key West 8
BOTTOM OF THE 7TH
Key West Barracudas batting - Pitching for West Virginia Power : RHP Don Shelton
Now at 1B: Roberto Tobías
Batting: LHB Daniel Byrd 0-0: Fly out, F9 (Flyball, 9M)
Batting: LHB Víctor Acevedo 0-0: Ball
1-0: Called Strike
1-1: Ball
2-1: Swinging Strike
2-2: Foul Ball, location: 2F
2-2: Ball
3-2: Base on Balls
Batting: RHB Carlos Miranda 0-0: Ball
1-0: Ball
2-0: Ball
3-0: Foul Ball, location: 2F
3-1: Foul Ball, location: 2F
3-2: Foul Ball, location: 2F
3-2: Base on Balls
Víctor Acevedo to second
Batting: RHB Dan Craft 0-0: Called Strike
0-1: Foul Ball, location: 2F
0-2: Ball
1-2: Foul Ball, location: 2F
1-2: Fly out, F6 (Popup, 6S)
Batting: LHB Motoki Hirata 0-0: Called Strike
0-1: Ball
1-1: Foul Ball, location: 2F
1-2: Foul Ball, location: 2F
1-2: Fly out, F8 (Line Drive, 8LM)
Bottom of the 7th over - 0 run(s), 0 hit(s), 0 error(s), 2 left on base; West Virginia 6 - Key West 8
TOP OF THE 8TH
West Virginia Power batting - Pitching for Key West Barracudas : RHP Dennis Grange
Batting: RHB Len Burke 0-0: Swinging Strike
0-1: Ball
1-1: Called Strike
1-2: Foul Ball, location: 2F
1-2: Ball
2-2: Foul Ball, location: 2F
2-2: DOUBLE (Flyball, 8RD)
Pitching: LHP Luke Brown
Batting: LHB Júlio Martínez 0-0: Foul Ball, location: 2F
0-1: Fly out, F8 (Flyball, 8RM)
Pitching: RHP Gabe Lewis
Batting: RHB Pablo Sandoval 0-0: Called Strike
0-1: Called Strike
0-2: Ball
1-2: Ball
2-2: Foul Ball, location: 2F
2-2: Foul Ball, location: 2F
2-2: Foul Ball, location: 2F
2-2: Fly out, F7 (Flyball, 78M)
Batting: RHB Dave McGrath 0-0: Foul Ball, location: 2F
0-1: Ball
1-1: SINGLE (Line Drive, 8RS)
Len Burke to third
Runner from 3rd tries for Home, SAFE, no throw or cutoff
Batting: RHB Ben Dougherty 0-0: Called Strike
0-1: Foul Ball, location: 2F
0-2: Ball
Wild Pitch!
Dave McGrath to second
1-2: Ground out 6-3 (Groundball, 6)
Top of the 8th over - 1 run(s), 2 hit(s), 0 error(s), 1 left on base; West Virginia 7 - Key West 8
BOTTOM OF THE 8TH
Key West Barracudas batting - Pitching for West Virginia Power : RHP Don Shelton
Batting: SHB Rodney Birling 0-0: Ball
1-0: Called Strike
1-1: Foul Ball, location: 2F
1-2: Ball
2-2: Ball
3-2: Strikes out swinging
Pitching: RHP Mike Frank
Batting: RHB Carlos Bravo 0-0: Ground out 4-3 (Groundball, 4)
Batting: RHB Anastasio Villa 0-0: Called Strike
0-1: Fly out, F7 (Flyball, 7D)
Bottom of the 8th over - 0 run(s), 0 hit(s), 0 error(s), 0 left on base; West Virginia 7 - Key West 8
TOP OF THE 9TH
West Virginia Power batting - Pitching for Key West Barracudas : RHP Gabe Lewis
Pitching: RHP George Bennion
Batting: RHB Will Lott 0-0: Called Strike
0-1: Foul Ball, location: 2F
0-2: SINGLE (Groundball, 4MD)
Batting: LHB Héctor Soto 0-0: Ball
1-0: Ball
2-0: Swinging Strike
2-1: Foul Ball, location: 2F
2-2: Foul Ball, location: 2F
2-2: Foul Ball, location: 2F
2-2: Foul Ball, location: 2F
2-2: Ball
3-2: DOUBLE (Groundball, 5D)
Will Lott to third
Pinch Hitting: SHB Waylon Adams 0-0: Ball
1-0: Foul Ball, location: 2F
1-1: Foul Ball, location: 2F
1-2: Ball
2-2: Strikes out swinging
Batting: RHB Roberto Tobías 0-0: Ball
1-0: Foul Ball, location: 2F
1-1: Ball
2-1: Ball
3-1: Called Strike
3-2: Strikes out swinging
Batting: RHB Len Burke 0-0: Foul Ball, location: 2F
0-1: Ball
1-1: Ball
2-1: Swinging Strike
2-2: Foul Ball, location: 2F
2-2: Ground out 5-3 (Groundball, 5)
Top of the 9th over - 0 run(s), 2 hit(s), 0 error(s), 2 left on base; West Virginia 7 - Key West 8
Monday, December 5th, 2016 - OOTP Baseball 17.12 Build 75